 Dungeon Crawl Stone Soup version 0.22-a0-417-g1387785b41 (webtiles) character file.

184 RaHiT the Chiller (level 5, -3/38 HPs)
             Began as a Draconian Ice Elementalist on May 15, 2018.
             Slain by a centaur (5 damage)
             ... on level 3 of the Dungeon.
             The game lasted 00:08:51 (1753 turns).

RaHiT the Chiller (Draconian Ice Elementalist)      Turns: 1753, Time: 00:08:52

Health: -3/38      AC:  5    Str: 10    XL:     5   Next: 36%
Magic:  3/9        EV: 12    Int: 17    God:
Gold:   135        SH:  0    Dex: 11    Spells: 9/10 levels left

rFire    . . .     SeeInvis .   (no weapon)
rCold    . . .     Gourm    .   (no shield)
rNeg     . . .     Faith    .   (armour unavailable)
rPois    .         Spirit   .   (helmet restricted)
rElec    .         Reflect  .   (no cloak)
rCorr    .         Harm     .   (no gloves)
MR       .....                  (no boots)
Stlth    ++........             (no amulet)
HPRegen  0.12/turn              (no ring)
MPRegen  0.11/turn              (no ring)

@: no status effects
A: unfitting armour, cold-blooded, AC +5
a: no special abilities


You were on level 3 of the Dungeon.
You were not hungry.

You visited 1 branch of the dungeon, and saw 3 of its levels.

You collected 135 gold pieces.

Inventory:

Missiles
 e - 23 stones (quivered)
Wands
 c - a wand of iceblast (7)
Scrolls
 a - a scroll of immolation
 f - 3 scrolls of teleportation
 k - 3 scrolls of enchant weapon {unknown}
 l - a scroll of blinking {unknown}
Potions
 d - 2 potions of degeneration {unknown}
 g - a potion of resistance {unknown}
 h - 2 potions of heal wounds {unknown}
 i - a potion of magic {unknown}
Comestibles
 b - 2 rations
 j - 11 chunks of flesh


   Skills:
 - Level 2.0 Dodging
 - Level 2.0 Stealth
 - Level 3.0 Spellcasting
   Level 1.0 Conjurations
 * Level 5.4 Ice Magic


You had 9 spell levels left.
You knew the following spells:

 Your Spells              Type           Power        Failure   Level  Hunger
a - Freeze                Ice            ###.         1%          1    None

Your spell library contained the following spells:

 Spells                   Type           Power        Failure   Level  Hunger
 Throw Frost              Conj/Ice       ##....       7%          2    ##.....
 Summon Ice Beast         Ice/Summ       ##......     50%         4    ####...
 Ozocubu's Armour         Chrm/Ice       ##......     17%         3    ###....
 Throw Icicle             Conj/Ice       ##......     43%         4    ####...


Dungeon Overview and Level Annotations

Branches:
Dungeon (3/15)

Altars:
Cheibriados
Elyvilon
Makhleb

Annotations:
D:3 1 runed door


Innate Abilities, Weirdness & Mutations

Your plain brown scales are hard. (AC +5)
You cannot fit into any form of body armour.
You are cold-blooded and may be slowed by cold attacks.


Message History

The centaur barely misses you. The centaur hits you!
* * * LOW HITPOINT WARNING * * *
Casting: Freeze (safe; 1% risk of failure)
Confirm with . or Enter, or press ? or * to list all spells.
Aiming: Freeze (safe; 1% risk of failure)
Press: ? - help, Shift-Dir - straight line, f/p - centaur
Aim: a centaur (heavily wounded)
You freeze the centaur.
The centaur is almost dead.
The centaur hits you!
* * * LOW HITPOINT WARNING * * *
Casting: Freeze (safe; 1% risk of failure)
Confirm with . or Enter, or press ? or * to list all spells.
Aiming: Freeze (safe; 1% risk of failure)
Press: ? - help, Shift-Dir - straight line, f/p - centaur
Aim: a centaur (almost dead)
You freeze the centaur.
The centaur is almost dead.
The centaur hits you.
You die...

).......[##
.#####.##
#.#####.#
#.......#
#######'##
##...##
##.....##
##.c.....##
..###..@......#
....'.........+
..###.........#
##....[..##
##.....##
##...## ##+##


You could see a centaur.

Vanquished Creatures
  A crimson imp (D:2)
  Ijyb (D:3)
  Terence (D:2)
  3 adders
  2 oozes (D:1)
  A worm (D:1)
  2 dart slugs
  2 leopard geckos
  5 orcs (D:3)
  5 bats
  5 goblins
  12 hobgoblins
  A ball python (D:1)
  2 frilled lizards
  2 giant cockroaches
  6 kobolds
  4 rats
55 creatures vanquished.

Notes
Turn   | Place    | Note
-------+----------+-------------------------------------------
     0 | D:1      | RaHiT the Draconian Ice Elementalist began the quest for the Orb.
     0 | D:1      | Reached XP level 1. HP: 14/14 MP: 3/3
   101 | D:1      | Reached XP level 2. HP: 20/20 MP: 1/5
   478 | D:2      | Noticed Terence
   517 | D:1      | Reached XP level 3. HP: 22/26 MP: 0/7
   935 | D:2      | Found a burning altar of Makhleb.
   939 | D:2      | Reached skill level 4 in Ice Magic
   939 | D:2      | Reached XP level 4. HP: 33/33 MP: 4/8
  1090 | D:2      | Killed Terence
  1307 | D:3      | Noticed Ijyb
  1311 | D:3      | Killed Ijyb
  1311 | D:3      | Reached skill level 5 in Ice Magic
  1311 | D:3      | Reached XP level 5. HP: 37/38 MP: 2/9
  1456 | D:3      | Found a runed door.
  1487 | D:3      | Found a snail-covered altar of Cheibriados.
  1673 | D:3      | Found a white marble altar of Elyvilon.
  1742 | D:3      | Noticed a centaur
  1753 | D:3      | Slain by a centaur

Vault maps used:
D:1:      minmay_arrival_glassed_features
D:2:      makhleb_grotto_becter, uniq_terence
D:3:      cheibriados_altar_1, elyvilon_altar_4,
          chequers_ecumenical_altar_simple, first_ration, feat_on_display,
          uniq_crazy_yiuf_cottage, uniq_jessica, uniq_ijyb

Skill      XL: |  1  2  3  4 |
---------------+-------------+-----
Stealth        | 2 |  2.0
Dodging        | 2 |  2.0
Spellcasting   | 3 |  3.0
Ice Magic      | 4 5 |  5.4
Conjurations   | |  1.0

Action                   |  1- 3 |  4- 6 || total
-------------------------+-------+-------++-------
Melee: Unarmed           |    10 |    10 ||    20
       Tailslap          |     1 |       ||     1
Throw: Stone             |       |     1 ||     1
 Cast: Freeze            |    65 |    44 ||   109
  Use: Scroll            |       |     3 ||     3
  Eat: Chunk             |       |     3 ||     3
Armor: Skin              |    16 |     8 ||    24
Dodge: Dodged            |    46 |    25 ||    71

Table legend:
 A = Spawn XP
 B = Non-spawn XP
 C = Spawn XP percentage of total XP
 D = Spawn monster count
 E = Non-spawn monster count
 F = Spawn count percentage of total count
 G = Total turns spent on level
                    A         B        C        D         E        F      G
               +---------+---------+-------+---------+---------+-------+---------
         Total |       0 |     263 |   0.0 |       0 |      55 |   0.0 |  1753
               +---------+---------+-------+---------+---------+-------+---------
           D:1 |       0 |      52 |   0.0 |       0 |      24 |   0.0 |   770
           D:2 |       0 |     117 |   0.0 |       0 |      15 |   0.0 |   497
           D:3 |       0 |      94 |   0.0 |       0 |      16 |   0.0 |   486
               +---------+---------+-------+---------+---------+-------+---------
